Map: Frozen Temple

Players

GAMETIME - Winner!

  • Race: Zerg Zerg
  • League: Grandmaster

Pokebunny

  • Race: Terran Terran
  • League: Grandmaster

VOD

Have the link to the VOD?

Description

Time

  • Played on: April 4, 2016, 2:09 p.m.
  • Length: 6:28
Show
View Real Time Build Order
Export as new Build Order

GAMETIME Zerg - Winner!

Build Orders: Hatch First 

Get SALT Encoding   

  12  0:01  Drone  
  13  0:07  Drone  
  14  0:17  Overlord  
  14  0:24  Drone, Extractor  
  15  0:35  Drone  
  15  0:36  Drone  
  17  0:53  Hatchery  
  17  0:55  Drone  
  17  0:59  Drone  
  18  1:05  Drone  
  19  1:13  Extractor  
  19  1:16  Spawning Pool  
  17  1:19  Drone  
  18  1:27  Drone  
  19  1:39  Overlord  
  19  1:49  Drone  
  20  2:03  Queen  
  20  2:04  Queen  
  20  2:05  Zergling x4  
  26  2:10  Zergling x2  
  26  2:12  Metabolic Boost  
  27  2:16  Drone  
  27  2:20  Drone  
  28  2:30  Drone  
  28  2:31  Drone  
  30  2:37  Drone  
  30  2:40  Queen  
  30  2:44  Overlord  
  33  2:48  Drone  
  34  2:58  Drone x2  
  35  3:01  Lair  
  35  3:03  Overlord  
  36  3:14  Drone x6  
  42  3:20  Zergling x4  
  42  3:25  Overlord  
  44  3:29  Drone, Extractor  
  44  3:34  Extractor  
  44  3:36  Evolution Chamber  
  44  3:37  Drone, Roach Warren  
  44  3:39  Drone  
  43  3:45  Drone  
  44  3:49  Drone  
  44  3:50  Drone x3  
  48  3:57  Overlord x2  
  48  4:06  Zerg Missile Weapons Level 1  
  48  4:11  Hatchery  
  47  4:20  Drone x3  
  47  4:21  Drone x2  
  47  4:23  Glial Reconstitution  
  47  4:24  Extractor  
  51  4:27  Roach  
  51  4:29  Roach  
  55  4:34  Roach x2  
  55  4:37  Roach  
  60  4:44  Overlord x2  
  60  4:46  Roach  
  60  4:49  Roach  
  60  4:51  Roach  
  66  4:55  Roach  
  66  4:56  Roach  
  66  4:58  Roach  
  70  5:01  Roach  
  70  5:03  Roach  
  70  5:06  Roach  
  76  5:12  Roach x2  
  80  5:16  Overlord  
  80  5:17  Roach  
  82  5:23  Roach  
  82  5:24  Roach  
  82  5:28  Roach  
  88  5:35  Roach x2  
  92  5:39  Roach  
  94  5:46  Roach x2  
  94  5:48  Roach  
  94  5:49  Overlord x2  
  98  5:50  Overlord  
  96  6:08  Roach x2  
Show
View Real Time Build Order
Export as new Build Order

Pokebunny Terran 

Build Orders: Reaper Expand 

Get SALT Encoding   

  12  0:01  SCV  
  13  0:13  SCV  
  14  0:18  Supply Depot  
  14  0:25  SCV  
  15  0:40  SCV  
  15  0:41  Barracks  
  16  0:44  Refinery  
  16  0:52  SCV  
  17  1:04  SCV  
  18  1:16  SCV  
  19  1:29  Orbital Command, Reaper  
  20  1:40  Command Center  
  20  1:53  Supply Depot  
  20  1:55  SCV  
  21  2:01  Barracks Reactor  
  21  2:05  Barracks  
  21  2:07  SCV  
  22  2:19  Barracks  
  22  2:20  SCV  
  23  2:35  SCV  
  24  2:41  Marine x2  
  26  2:47  Refinery, SCV  
  26  2:51  Factory  
  27  2:52  Barracks Tech Lab  
  27  2:55  Orbital Command  
  27  2:59  SCV  
  27  3:03  Marine x2  
  30  3:09  Marine  
  31  3:16  Marine, Stimpack  
  31  3:19  SCV  
  33  3:22  Marine  
  33  3:23  Marine  
  35  3:29  Marine  
  36  3:34  Marine, SCV  
  36  3:35  SCV  
  36  3:38  Supply Depot  
  36  3:40  Marine x2  
  41  3:49  Starport, Factory Reactor  
  41  3:53  SCV x2  
  43  3:59  Bunker  
  43  4:05  SCV x2  
  43  4:06  Marine x3  
  48  4:23  SCV x2  
  50  4:28  Supply Depot  
  50  4:35  Marine  
  50  4:36  Marine x3  
  50  4:37  Medivac x2, SCV x2  
  60  4:47  Factory Tech Lab  
  60  4:49  SCV x2  
  62  4:55  Barracks Reactor, Marine x3  
  65  5:05  SCV x2  
  66  5:15  Marine x3  
  69  5:23  Command Center  
  69  5:40  Marine  
  70  5:44  Supply Depot  
  70  5:47  Supply Depot  
  70  5:49  Marine  
  70  5:50  Marine  
  70  5:55  Marine  
  70  5:57  SCV  
  70  5:58  SCV  
  70  5:59  Marine  
  70  6:00  Marine  
  68  6:09  Marine x2  
Tags
 
Add a new tag
Caveats
  • Supply blocks, unpowered buildings, or Contaminate may cause inaccurate times.
  • Supply counts are checked every 10 seconds.